 Dungeon Crawl Stone Soup version 0.28-a0-1286-g6bde065e89 (webtiles) character file.

Game seed: 12758913158983575753

107199 blank1 the Warrior (level 15, -2/156 HPs)
             Began as a Minotaur Fighter on Dec 26, 2021.
             Was the Champion of Okawaru.
             Splashed by a goliath frog's acid (4 damage)
             ... on level 1 of the Swamp on Dec 27, 2021.
             The game lasted 01:07:50 (36678 turns).

blank1 the Warrior (Minotaur Fighter)              Turns: 36678, Time: 01:07:51

Health: -2/156     AC: 27    Str: 28    XL:     15   Next: 99%
Magic:  21/21      EV: 13    Int:  3    God:    Okawaru [******]
Gold:   1950       SH: 16    Dex: 17    Spells: 14/14 levels left

rFire   . . .      SeeInvis +   a - +7 broad axe (vorpal)
rCold   + . .      Faith    .   v - +1 tower shield {rC+}
rNeg    + . .      Spirit   .   w - +5 plate armour
rPois   .          Reflect  .   A - +0 hat {Stlth+}
rElec   .          Harm     .   K - +1 cloak {rCorr}
rCorr   +          Rampage  .   (no gloves)
Will    ++...                   z - +2 pair of boots {Fly}
Stlth   ..........              s - amulet "Kueruden" {RegenMP +Blink SInv}
HPRegen 0.36/turn               T - ring "Levea" {rN+ Str+4 Dex+3}
MPRegen 0.57/turn               r - ring of willpower

@: about to teleport, flying, studying Invocations
A: horns 2, retaliatory headbutt, dopey 1
a: Renounce Religion, Evoke Blink, Heroism, Finesse, Duel


You were on level 1 of the Swamp.
You worshipped Okawaru.
Okawaru was exalted by your worship.
You visited 5 branches of the dungeon, and saw 25 of its levels.
You also visited: Bailey, Gauntlet and Ice Cave.

You collected 2175 gold pieces.
You spent 225 gold pieces at shops.

Inventory:

Hand Weapons
 a - a +7 vorpal broad axe (weapon)
 y - the +8 hand axe "Plog" {holy, Contam *Noise rElec rN++}
   (You took it off an orc warrior in a bailey)

   It has been blessed by the Shining One to cause great damage to the undead
   and demons.
   rElec:     It insulates you from electricity.
   rN:        It greatly protects you from negative energy.
   *Noise:    It may make noises in combat.
   Contam:    It causes magical contamination when unequipped.
 G - the +6 executioner's axe of Integrity {vorpal, Dex+4}
   (Okawaru gifted it to you on level 1 of the Lair of Beasts)

   It inflicts extra damage upon your enemies.
   Dex:       It affects your dexterity (+4).
 O - a +4 scimitar of flaming
Missiles
 B - a throwing net (quivered)
Armour
 v - a +1 tower shield of cold resistance (worn)
 w - a +5 plate armour (worn)
 z - a +2 pair of boots of flying (worn)
 A - a +0 hat of stealth (worn)
 K - a +1 cloak of preservation (worn)
 Q - a scarf of resistance
Jewellery
 o - a ring of protection from cold
 r - a ring of willpower (right hand)
 s - the amulet "Kueruden" (around neck) {RegenMP +Blink SInv}
   (You found it in a Gauntlet)

   [amulet of magic regeneration]

   It increases your rate of magic regeneration.
   SInv:      It lets you see invisible.
   +Blink:    It lets you blink.
 T - the ring "Levea" (left hand) {rN+ Str+4 Dex+3}
   (You found it in an ice cave)

   [ring of positive energy]

   Str:       It affects your strength (+4).
   Dex:       It affects your dexterity (+3).
   rN:        It protects you from negative energy.
Wands
 c - a wand of acid (3)
 e - a wand of paralysis (4)
 h - a wand of mindburst (18)
 t - a wand of iceblast (5)
 J - a wand of flame (11)
 N - a wand of polymorph (3)
 P - a wand of digging (7)
Scrolls
 b - 5 scrolls of amnesia
 k - 9 scrolls of fog
 m - 15 scrolls of identify
 I - a scroll of teleportation
 L - a scroll of holy word
 M - a scroll of fear
 R - a scroll of magic mapping
Potions
 d - 7 potions of might
 f - 9 potions of curing
 g - 2 potions of magic
 i - 6 potions of lignification
 j - 5 potions of mutation
 n - a potion of resistance
 p - 2 potions of brilliance
 q - 4 potions of heal wounds
 u - 2 potions of berserk rage
 x - 7 potions of flight
 C - 2 potions of cancellation
 E - 4 potions of attraction
 F - 3 potions of haste


   Skills:
 + Level 20.5 Fighting
 - Level 16.0 Axes
 + Level 13.0 Armour
 - Level 18.0 Dodging
 + Level 6.4 Shields
 - Level 10.0 Invocations


You had 14 spell levels left.
You didn't know any spells.
Your spell library contained the following spells:

 Spells                   Type           Power      Damage    Failure   Level
 Beastly Appendage        Tmut           0%         N/A       100%        1
 Pain                     Necr           0%         1d4       100%        1
 Blink                    Tloc           0%         N/A       100%        2
 Passwall                 Tmut/Erth      0%         N/A       100%        2
 Confusing Touch          Hex            0%         N/A       100%        3
 Dazzling Flash           Conj/Hex       0%         N/A       100%        3
 Lesser Beckoning         Tloc           0%         N/A       100%        3
 Portal Projectile        Hex/Tloc       0%         N/A       100%        3
 Stone Arrow              Conj/Erth      0%         3d7       100%        3
 Cause Fear               Hex            0%         N/A       100%        4
 Dispel Undead            Necr           0%         3d6       100%        4
 Iskenderun's Mystic Bla  Conj/Tloc      0%         2d3       100%        4
 Leda's Liquefaction      Hex/Erth       0%         N/A       100%        4
 Blade Hands              Tmut           0%         N/A       100%        5
 Borgnjor's Vile Clutch   Necr/Erth      0%         N/A       100%        5
 Freezing Cloud           Conj/Ice/Air   0%         6-21      100%        5
 Lee's Rapid Deconstruct  Erth           0%         3d5*      100%        5
 Manifold Assault         Tloc           0%         N/A       100%        5
 Yara's Violent Unravell  Hex/Tmut       0%         3d3       100%        5
 Starburst                Conj/Fire      0%         6d3       100%        6
 Statue Form              Tmut/Erth      0%         N/A       100%        6
 Dragon Form              Tmut           0%         N/A       100%        7
 Enfeeble                 Hex            0%         N/A       100%        7
 Necromutation            Tmut/Necr      0%         N/A       100%        8
 Polar Vortex             Ice            0%         N/A       100%        9
 Call Canine Familiar     Summ           Unusable   N/A       N/A         3
 Animate Dead             Necr           Unusable   N/A       N/A         4
 Death Channel            Necr           Unusable   N/A       N/A         6
 Simulacrum               Ice/Necr       Unusable   N/A       N/A         6
 Dragon's Call            Summ           Unusable   N/A       N/A         9

Dungeon Overview and Level Annotations

Branches:
Dungeon (15/15)            Temple (1/1) D:5            Lair (6/6) D:8
  Swamp (1/4) Lair:4       Spider (0/4) Lair:3        Slime (0/5) Lair:5
    Orc (2/2) D:10            Elf (0/3) Orc:2        Vaults (0/5) D:13
 Depths (0/4) D:15         Bailey (visited)           IceCv (visited)
Gauntlet (visited)

Altars:
Ashenzari
Cheibriados
Dithmenos
Elyvilon
Fedhas
Gozag
Hepliaklqana
Kikubaaqudgha
Makhleb
Nemelex Xobeh
Okawaru
Qazlal
Ru
Sif Muna
Trog
Uskayaw
Vehumet
Wu Jian
Xom
Yredelemnul
Zin
The Shining One
Lugonu

Shops:
D:6 :   D:8 *!*!:   D:12 ?   Orc:2 ?!=[

Portals:
Abyss: Lair:6

Annotations:
Swamp:1 Aizul


Innate Abilities, Weirdness & Mutations

You have a pair of horns on your head.
You reflexively headbutt those who attack you in melee.
You are dopey. (Int -2)


Message History

The swamp dragon barely misses you.
You slash the swamp dragon! You headbutt the swamp dragon!
The swamp dragon is almost dead.
You slash the bunyip!
You are engulfed in poison gas.
You are more poisoned.
You feel extremely sick. The swamp dragon closely misses you.
You furiously retaliate!
You headbutt the swamp dragon, but do no damage.
The swamp dragon claws you but does no damage.
The swamp dragon tramples you.
You are shoved backwards!
The bunyip barely misses you. The bunyip claws you!
The bunyip barely misses you.
A tyrant leech comes into view.
You slice the swamp dragon!!
You kill the swamp dragon!
Okawaru accepts your kill.
You barely miss the bunyip. You hit the bunyip.
You feel extremely sick.
A goliath frog comes into view.
The bunyip barely misses you. You furiously retaliate!
You headbutt the bunyip. The bunyip claws you!!
* * * LOW HITPOINT WARNING * * *
The bunyip claws you.
* * * LOW HITPOINT WARNING * * *
* * * LOW HITPOINT WARNING * * *
You feel extremely sick.
You feel better.
Aizul the Neglectful Guardian comes into view.
Unknown command.
As you read the scroll of teleportation, it crumbles to dust.
You feel strangely unstable.
Aizul shouts!
The bunyip claws you!
* * * LOW HITPOINT WARNING * * *
You block the bunyip's attack. x2
You block the bunyip's attack. x2; The bunyip closely misses you.
The goliath frog hits you from afar!
* * * LOW HITPOINT WARNING * * *
You are splashed with acid.
You resist.
You die...

....≈ ...#
.≈≈≈≈≈###'^#
.≈≈≈≈≈≈....#
.♣≈..≈≈≈....# ..
.≈...≈≈≈≈...#####..≈
♣...≈≈≈§≈S≈.......♣.
♣.§.≈≈≈.≈wF≈†....≈..
♣.§.≈≈≈.....≈≈.≈≈≈..
♣.....♣@xx.≈.§≈....
♣♣♣≈.≈..♣≈.!.≈≈...≈.
♣...≈≈≈.♣♣♣♣♣♣♣♣♣♣≈≈
♣...§≈≈.♣ ≈
♣♣..≈≈≈.♣
..♣♣≈......♣♣
≈.≈.......≈.♣
≈≈..≈....≈≈.♣ ♣♣ .≈
≈≈.....≈≈≈.♣♣♣♣♣≈♣♣


You could see Aizul, 2 bunyips, a tyrant leech and a goliath frog.

Vanquished Creatures
  Gastronok (Orc:1)
  An azure jelly (shapeshifter) (Gauntlet)
  Roxanne (D:15)
  Nessos (D:14)
  A minotaur (Gauntlet)
  Azrael (D:14)
  An ettin (D:15)
  Snorg (D:11)
  Fannar (Orc:1)
  8 vault guards (D:13)
  3 boulder beetles
  9 hydras
  2 death knights
  An alligator (Swamp:1)
  9 centaur warriors
  6 orc high priests
  3 two-headed ogres
  2 tengu warriors (D:15)
  3 thrashing horrors (Lair:6)
  Urug (Lair:3)
  A hell knight (D:15)
  5 skeletal warriors
  A goliath frog (Swamp:1)
  A steelbarb worm (shapeshifter) (Gauntlet)
  A swamp dragon (shapeshifter) (Gauntlet)
  2 bog bodies (IceCv)
  2 deep elf archers (D:15)
  A swamp dragon (Swamp:1)
  2 necromancers (D:15)
  9 orc knights
  4 deep elf pyromancers (D:15)
  An oklob plant (Orc:1)
  10 ugly things
  2 manticores
  A centaur zombie (D:7)
  2 cyclopes
  A black mamba (Lair:4)
  3 elephants (Lair:6)
  An eye of devastation (Gauntlet)
  An ice statue (IceCv)
  A smoke demon (Lair:6)
  An unseen horror (shapeshifter) (D:15)
  2 large abominations (Lair:6)
  A freezing wraith (D:13)
  3 rime drakes
  15 cane toads
  2 efreet (D:14)
  9 komodo dragons
  5 yaktaurs (D:15)
  2 anaconda simulacra (IceCv)
  2 ice devils (Orc:1)
  2 ancient zymes (Lair:6)
  A tengu conjurer (D:15)
  A polar bear (Lair:1)
  An entropy weaver simulacrum (IceCv)
  A queen bee (shapeshifter) (Lair:6)
  7 trolls
  A tyrant leech (Swamp:1)
  3 hornets
  20 blink frogs
  A wolf spider simulacrum (D:14)
  8 slime creatures
  10 small abominations (Lair:6)
  7 dream sheep (Lair:6)
  6 spriggans
  3 centaur simulacra (Gauntlet)
  A dire elephant simulacrum (IceCv)
  3 ynoxinuls (Lair:6)
  A yak (shapeshifter) (Lair:6)
  49 yaks
  A hog (shapeshifter) (Lair:6)
  4 wyverns
  2 wraiths
  3 fire elementals (D:14)
  A steam dragon (D:8)
  9 vampire mosquitoes
  5 basilisks
  4 death yak simulacra (IceCv)
  3 harpy simulacra (IceCv)
  A naga (shapeshifter) (Gauntlet)
  A floating eye (Gauntlet)
  2 swamp worms (Swamp:1)
  17 water moccasins
  A hell hound (D:14)
  Duvessa (D:7)
  39 orc warriors
  2 black bears
  An ice beast (D:7)
  3 sky beasts
  A necrophage (D:6)
  21 wolves
  3 boggarts (D:15)
  5 ogres
  10 centaurs
  3 phantoms
  17 bullfrogs
  A gnoll sergeant (D:7)
  9 scorpions
  2 two-headed ogre simulacra (IceCv)
  A wyvern zombie (D:7)
  2 cane toad simulacra (IceCv)
  A hornet simulacrum (Gauntlet)
  Dowan (D:7)
  2 elephant simulacra (IceCv)
  5 killer bees (D:10)
  A howler monkey (D:12)
  2 electric eels
  23 orc priests
  3 hounds
  12 jellies
  2 centaur skeletons
  Crazy Yiuf (D:2)
  2 gnoll shamans
  4 iguanas
  Terence (D:2)
  17 orc wizards
  2 polar bear simulacra (IceCv)
  5 troll simulacra (IceCv)
  10 spriggan simulacra (IceCv)
  A wolf simulacrum (IceCv)
  A killer bee zombie (D:9)
  2 hound skeletons
  21 gnolls
  10 adders
  8 naga simulacra (IceCv)
  4 white imps
  2 ufetubi
  An adder skeleton (D:4)
  3 worms
  3 dart slugs
  75 orcs
  7 ball pythons
  4 bats
  7 endoplasms
  5 giant cockroaches
  12 goblins
  5 hobgoblins
  6 jackals
  17 kobolds
  7 frilled lizards
  6 rats
752 creatures vanquished.

Vanquished Creatures (others)
  A goblin (D:8)
  21 fungi
  61 plants
  14 withered plants (Gauntlet)
97 creatures vanquished.

Grand Total: 849 creatures vanquished

Notes
Turn   | Place    | Note
-------+----------+-------------------------------------------
     0 | D:1      | blank1 the Minotaur Fighter began the quest for the Orb.
     0 | D:1      | Reached XP level 1. HP: 19/19 MP: 0/0
   221 | D:1      | Reached XP level 2. HP: 27/27 MP: 1/1
   334 | D:1      | Found a faded altar of an unknown god.
   477 | D:1      | Reached skill level 1 in Dodging
   672 | D:2      | Reached skill level 4 in Fighting
   672 | D:2      | Reached XP level 3. HP: 24/33 MP: 2/2
   828 | D:2      | Noticed Terence
   834 | D:2      | Killed Terence
   953 | D:2      | Reached XP level 4. HP: 40/41 MP: 3/3
  1282 | D:2      | You fall into a shaft and drop 2 floors!
  1325 | D:4      | Identified the +5 ring mail of Padairphi {rF+}
  1381 | D:4      | Reached skill level 5 in Fighting
  1381 | D:4      | Reached XP level 5. HP: 10/48 MP: 4/4
  1855 | D:3      | Reached skill level 5 in Axes
  1878 | D:3      | Found a shadowy altar of Dithmenos.
  2192 | D:3      | Reached XP level 6. HP: 56/56 MP: 5/5
  2807 | D:2      | Found a runed translucent door.
  2808 | D:2      | Noticed Crazy Yiuf
  3047 | D:2      | Killed Crazy Yiuf
  3588 | D:4      | Reached skill level 6 in Fighting
  3747 | D:4      | Found an ornate altar of the Wu Jian Council.
  3955 | D:4      | Found a sacrificial altar of Ru.
  4040 | D:5      | Entered Level 5 of the Dungeon
  4045 | D:5      | Reached XP level 7. HP: 64/64 MP: 6/6
  4054 | D:5      | Found a sparkling altar of Nemelex Xobeh.
  4131 | D:5      | Found a shimmering blue altar of Sif Muna.
  4205 | D:5      | Found a staircase to the Ecumenical Temple.
  4214 | Temple   | Entered the Ecumenical Temple
  4260 | Temple   | Became a worshipper of Warmaster Okawaru
  4432 | D:5      | Found a hazy altar of Hepliaklqana.
  4463 | D:5      | Reached skill level 1 in Invocations
  4465 | D:5      | Reached skill level 7 in Fighting
  5023 | D:6      | Reached * piety under Okawaru
  5096 | D:6      | Reached skill level 8 in Fighting
  5096 | D:6      | Reached XP level 8. HP: 66/74 MP: 9/9
  5511 | D:6      | Found a stormy altar of Qazlal.
  5574 | D:6      | Found Kub Foahy's Book Emporium.
  6044 | D:7      | Reached skill level 5 in Armour
  6070 | D:7      | Noticed Duvessa
  6071 | D:7      | Noticed Dowan
  6084 | D:7      | Killed Duvessa
  6097 | D:7      | Killed Dowan
  6845 | D:7      | Found an opulent altar of Gozag.
  6908 | D:7      | Reached ** piety under Okawaru
  7056 | D:7      | Reached skill level 9 in Fighting
  7056 | D:7      | Reached XP level 9. HP: 83/83 MP: 10/10
  7180 | D:7      | Noticed a two-headed ogre
  7187 | D:7      | Killed a two-headed ogre
  7188 | D:7      | Reached skill level 10 in Fighting
  7188 | D:7      | Reached skill level 10 in Axes
  7533 | D:8      | Found a flagged portal.
  7543 | D:8      | Reached *** piety under Okawaru
  7548 | Bailey   | Entered a bailey
  7555 | Bailey   | Noticed an orc knight
  7567 | Bailey   | Noticed an orc knight
  7603 | Bailey   | Killed an orc knight
  7604 | Bailey   | Reached skill level 5 in Dodging
  7920 | Bailey   | Identified the +8 hand axe "Plog" {holy, Contam *Noise
                  | rElec rN++}
  8022 | Bailey   | Reached XP level 10. HP: 68/94 MP: 10/12
  8030 | Bailey   | Noticed an orc knight
  8043 | Bailey   | Killed an orc knight
  8270 | Bailey   | Killed an orc knight
  8270 | Bailey   | Reached **** piety under Okawaru
  8271 | Bailey   | Reached skill level 11 in Fighting
  8271 | Bailey   | Reached skill level 5 in Invocations
  8363 | Bailey   | Identified the +0 mace of Bile {flame, rF++ Dex+4}
  8609 | D:8      | Found Ciokken's General Store.
  8778 | D:8      | Found Konesin's Distillery.
  8817 | D:8      | Found a burning altar of Makhleb.
  8883 | D:8      | Found Xaufrokk's General Store.
  9097 | D:8      | Found Xotuqabo's Book Shop.
  9205 | D:8      | Found a staircase to the Lair.
  9244 | D:8      | Got the Disquisition on Mutagenic Unholy Arts
  9347 | D:8      | Reached skill level 12 in Fighting
  9422 | D:8      | Found Vitolurch's Distillery.
  9881 | D:9      | Reached ***** piety under Okawaru
 10291 | D:9      | Found an ancient bone altar of Kikubaaqudgha.
 10369 | D:9      | Noticed a two-headed ogre
 10378 | D:9      | Killed a two-headed ogre
 10378 | D:9      | Received a gift from Okawaru
 10379 | D:9      | Reached XP level 11. HP: 76/104 MP: 13/13
 10876 | D:9      | Found a glowing golden altar of the Shining One.
 10914 | D:10     | Entered Level 10 of the Dungeon
 11559 | D:10     | Found a broken altar of Ashenzari.
 11920 | D:10     | Noticed a centaur warrior
 11924 | D:10     | Killed a centaur warrior
 11936 | D:10     | Found a basalt altar of Yredelemnul.
 12055 | D:10     | Found a staircase to the Orcish Mines.
 12546 | D:11     | Noticed a boulder beetle
 12577 | D:11     | Killed a boulder beetle
 12879 | D:11     | Noticed Snorg
 12896 | D:11     | Killed Snorg
 13608 | Lair:1   | Entered Level 1 of the Lair of Beasts
 14489 | Lair:1   | Reached ****** piety under Okawaru
 14489 | Lair:1   | Identified the +6 executioner's axe of Integrity {vorpal,
                  | Dex+4} (Okawaru gifted it to you on level 1 of the Lair of
                  | Beasts)
 14489 | Lair:1   | Received a gift from Okawaru
 14490 | Lair:1   | Reached skill level 13 in Fighting
 15011 | Lair:2   | Reached skill level 10 in Armour
 15299 | Lair:2   | Reached XP level 12. HP: 103/115 MP: 14/14
 15306 | Lair:2   | Noticed a boulder beetle
 15307 | Lair:2   | Noticed a six-headed hydra
 15308 | Lair:2   | Noticed a six-headed hydra
 15495 | Lair:2   | Reached skill level 14 in Fighting
 15827 | Lair:2   | Killed a boulder beetle
 15873 | Lair:2   | Killed a six-headed hydra
 15880 | Lair:2   | Killed a six-headed hydra
 16104 | Lair:2   | Reached skill level 15 in Fighting
 16605 | Lair:3   | Noticed Urug
 16623 | Lair:3   | Killed Urug
 16623 | Lair:3   | Identified the +3 hand axe of the Sun {vorpal, Fragile
                  | rPois rN++} (Okawaru gifted it to you on level 3 of the
                  | Lair of Beasts)
 16623 | Lair:3   | Received a gift from Okawaru
 16947 | Lair:3   | Found a hole to the Spider Nest.
 17219 | Lair:3   | Noticed a six-headed hydra
 17230 | Lair:3   | Killed a six-headed hydra
 17655 | Lair:3   | Reached skill level 15 in Axes
 18020 | Lair:4   | Identified the +1 storm dragon scales of Egoloypt {rElec
                  | Str+5 Int-4} (Okawaru gifted it to you on level 4 of the
                  | Lair of Beasts)
 18020 | Lair:4   | Received a gift from Okawaru
 18338 | Lair:4   | Found a staircase to the Swamp.
 18508 | Lair:4   | Reached XP level 13. HP: 127/127 MP: 16/16
 19287 | Lair:5   | Got the Compendium of Excruciating Changing
 19531 | Lair:5   | Found a staircase to the Slime Pits.
 19795 | Lair:6   | Entered Level 6 of the Lair of Beasts
 19880 | Lair:6   | Reached skill level 16 in Fighting
 19941 | Lair:6   | Reached skill level 10 in Dodging
 21167 | Lair:6   | Reached skill level 17 in Fighting
 21716 | Lair:6   | Received a gift from Okawaru
 22115 | Lair:6   | Reached XP level 14. HP: 109/141 MP: 17/17
 22313 | Lair:6   | Identified the +4 ring mail of Watchfulness {Int+2}
                  | (Okawaru gifted it to you on level 6 of the Lair of Beasts)
 22313 | Lair:6   | Received a gift from Okawaru
 22324 | Lair:6   | Reached skill level 18 in Fighting
 22786 | Lair:6   | Found a corrupted altar of Lugonu.
 22786 | Lair:6   | Found a one-way gate to the infinite horrors of the Abyss.
 22800 | Lair:6   | Identified the +1 chain mail of Ygarghia {rN+}
 23159 | D:12     | Found a gate leading to a gauntlet.
 23165 | Gauntlet | Entered a Gauntlet
 23165 | Gauntlet | Found a transporter.
 23178 | Gauntlet | Found a transporter.
 23189 | Gauntlet | Found a transporter.
 23194 | Gauntlet | Found a transporter.
 23211 | Gauntlet | Found a transporter.
 23230 | Gauntlet | Found a transporter.
 23242 | Gauntlet | Found a transporter.
 23254 | Gauntlet | Found a transporter.
 23266 | Gauntlet | Found a transporter.
 23266 | Gauntlet | Noticed a broodmother
 23267 | Gauntlet | a broodmother changed into a tyrant leech
 23272 | Gauntlet | Found a transporter.
 23272 | Gauntlet | Found a transporter.
 23287 | Gauntlet | Found a transporter.
 23304 | Gauntlet | Found a transporter.
 23343 | Gauntlet | Found a transporter.
 23371 | Gauntlet | Found a transporter.
 23391 | Gauntlet | Found a transporter.
 23418 | Gauntlet | Noticed a storm dragon
 23426 | Gauntlet | a storm dragon changed into a dire elephant
 23435 | Gauntlet | Noticed a storm dragon
 23435 | Gauntlet | a death yak changed into a storm dragon
 23437 | Gauntlet | a storm dragon changed into something unseen
 23445 | Gauntlet | Noticed a quicksilver ooze
 23453 | Gauntlet | Noticed a broodmother
 23453 | Gauntlet | a quicksilver ooze changed into a broodmother
 23469 | Gauntlet | Found a transporter.
 23586 | Gauntlet | Found a transporter.
 23814 | Gauntlet | Identified the +5 long sword "Jellybane" {vorpal, Contam
                  | *Noise rPois Int+9}
 23836 | Gauntlet | Paralysed by a floating eye for 2 turns
 23853 | Gauntlet | Identified the amulet "Kueruden" {RegenMP +Blink SInv}
 23881 | Gauntlet | Noticed an azure jelly
 23900 | Gauntlet | Killed an azure jelly
 23906 | Gauntlet | Identified the amulet "Ypuut" {Faith Int+2}
 23926 | Gauntlet | Identified the +4 battleaxe of Hoecvi Yryde {venom, rF+
                  | Int+3}
 23946 | D:12     | Identified a scroll of acquirement
 23946 | D:12     | Acquired a manual of Dodging
 24399 | D:12     | Found Dikhez's Magic Scroll Shop.
 25524 | D:13     | Reached skill level 19 in Fighting
 25852 | D:13     | Found a gate to the Vaults.
 25886 | D:13     | Identified the +0 plate armour of Fortitude {Rampage rPois
                  | Str+6 Dex-2} (Okawaru gifted it to you on level 13 of the
                  | Dungeon)
 25886 | D:13     | Received a gift from Okawaru
 26955 | D:14     | Noticed Nessos
 26960 | D:14     | Killed Nessos
 27300 | D:14     | Noticed Azrael
 27315 | D:14     | Killed Azrael
 27319 | D:14     | Reached skill level 20 in Fighting
 27681 | D:14     | Acquired a manual of Invocations
 27693 | D:15     | Entered Level 15 of the Dungeon
 27804 | D:15     | Reached XP level 15. HP: 142/155 MP: 19/19
 27868 | D:15     | Noticed Roxanne
 27897 | D:15     | Killed Roxanne
 28299 | D:15     | Reached skill level 15 in Dodging
 28582 | D:15     | Received a gift from Okawaru
 29218 | D:15     | Found a staircase to the Depths.
 29752 | D:15     | HP: 5/155 [centaur warrior/arrow (12)]
 29759 | D:15     | Reached skill level 10 in Invocations
 31084 | Orc:1    | Entered Level 1 of the Orcish Mines
 31186 | Orc:1    | Found a frozen archway.
 31207 | IceCv    | Entered an ice cave
 32049 | IceCv    | Identified the ring "Levea" {rN+ Str+4 Dex+3}
 32230 | Orc:1    | Noticed Gastronok
 32240 | Orc:1    | Killed Gastronok
 32437 | Orc:1    | Noticed Fannar
 32449 | Orc:1    | Killed Fannar
 32787 | Orc:2    | Entered Level 2 of the Orcish Mines
 32810 | Orc:2    | Found a staircase to the Elven Halls.
 33417 | Orc:2    | Identified the +0 kite shield "Naihenir" {Stlth+} (Okawaru
                  | gifted it to you on level 2 of the Orcish Mines)
 33417 | Orc:2    | Received a gift from Okawaru
 34454 | Orc:2    | Reached skill level 5 in Shields
 35856 | Orc:2    | Gained mutation: You are dopey. (Int -2) [a neqoxec]
 36136 | Orc:2    | Found Mud Xisa's Jewellery Boutique.
 36136 | Orc:2    | Found Noiwn's Antique Armour Boutique.
 36137 | Orc:2    | Found Biutheh Tile's Magic Scroll Boutique.
 36137 | Orc:2    | Found Veofopn's Distillery.
 36170 | Orc:2    | Bought 2 scrolls of enchant weapon for 225 gold pieces
 36432 | Swamp:1  | Entered Level 1 of the Swamp
 36674 | Swamp:1  | Noticed Aizul
 36678 | Swamp:1  | HP: 2/156 [goliath frog (8)]
 36678 | Swamp:1  | Splashed by a goliath frog's acid

Illustrated notes

Levels and vault maps discovered:
D:1:      dpeg_arrival_solitude, layout_loops_ring, basic_ecumenical_altar,
          palyth_stone_intersect
D:2:      layout_basic, uniq_crazy_yiuf_cottage, uniq_terence
D:3:      layout_loops_ring, grunt_dithmenos_smoke_and_mirrors,
          minmay_misc_feat_tiny
D:4:      layout_basic, mainiacjoe_overflow_brackets, kennysheep_little_box
D:5:      layout_rooms, kennysheep_orc_sif_temple,
          mainiacjoe_overflow_surrounded_room, kennysheep_mini, temple_statues
D:6:      layout_basic, nicolae_qazlal_eye_of_the_storm, serial_shops,
          nicolae_shop_statue_plus, minmay_lizard_king
D:7:      layout_gridville, mainiacjoe_overflow_alcove_2, amethyst_killhole,
          uniq_duvessa
D:8:      layout_basic, lemuel_coloured_pillars_altar,
          grunt_lair_entry_orc_guard_hut, serial_shops, shop, shop_statue,
          nicolae_shop_trees, shop, nicolae_diamond_shop, enter_bailey_5
D:9:      layout_small_grid, kennysheep_mini_moat,
          nicolae_tso_swordbearing_angel
D:10:     layout_roguey, yredelemnul_altar_generic,
          nicolae_ashenzari_panopticon, hiddenorc1_lemuel
D:11:     layout_stronghold, uniq_snorg
D:12:     layout_basic, serial_shops, nicolae_shop_stone, gauntlet_entry_generic
D:13:     layout_irregular_city, erik_vaults_2, hangedman_abyss_or_decor_passed
D:14:     layout_loops_ring, uniq_nessos, uniq_azrael
D:15:     hangedman_depths_entry_civil_slaughter, layout_gridville,
          grunt_decor_cap, minmay_misc_feat_diagonals, uniq_roxanne
Temple:   jpeg_temple_island
Lair:1:   layout_gridlike, wad_woods_river_01
Lair:2:   layout_chaotic_city, wad_woods_02
Lair:3:   layout_cave_pods, nicolae_spider_entry_non_spiders, uniq_urug
Lair:4:   layout_concentric_octagons, minmay_swamp_entry_swarm, minivault_19
Lair:5:   layout_cave_pods, minmay_slime_entry_jelly_boxes,
          infiniplex_staircase_pool
Lair:6:   hellmonk_lair_end_abyssal_woods, layout_layer_cave, grunt_megastairs_3
Swamp:1:  layout_basic_swamp, serial_swamp_ruin, evilmike_swamp_ruin_house_5,
          evilmike_swamp_ruin_house_2, uniq_aizul
Orc:1:    layout_caves, portal_ice_cave_demonic_guard, mines3_lemuel,
          uniq_fannar, uniq_gastronok
Orc:2:    st_orc_pillars, layout_caves, nicolae_orc_lava_room

Skill      XL: |  1  2  3  4  5  6  7  8  9 10 11 12 13 14 15 |
---------------+----------------------------------------------+-----
Dodging        | 1 2 3 5 7 8 10 14 18 | 18.0
Fighting       | 4 5 6 8 9 10 12 13 15 17 20 | 20.5
Armour         | 4 6 8 10 12 13 | 13.0
Shields        | 4 6 |  6.4
Axes           | 3 4 5 6 7 9 10 12 14 16 | 16.0
Invocations    | 3 4 5 6 7 10 | 10.0

Action                   |  1- 3 |  4- 6 |  7- 9 | 10-12 | 13-15 || total
-------------------------+-------+-------+-------+-------+-------++-------
Melee: War axe           |    47 |   122 |   220 |       |       ||   389
       Headbutt          |     5 |    14 |    45 |   151 |   335 ||   550
       Broad axe         |       |       |    19 |   573 |  1117 ||  1709
       Mace              |       |       |       |    15 |    19 ||    34
       Scimitar          |       |       |       |       |     7 ||     7
Invok: Heroism           |       |       |     3 |     4 |     9 ||    16
       Finesse           |       |       |       |       |     1 ||     1
  Use: Scroll            |       |       |    14 |     9 |    11 ||    34
       Potion            |       |       |       |     1 |     2 ||     3
 Stab: Invisible         |       |     1 |       |       |       ||     1
Armor: Scale mail        |    13 |       |       |       |       ||    13
       Chain mail        |     6 |     5 |       |       |       ||    11
       Ring mail         |       |    42 |   101 |       |       ||   143
       Plate armour      |       |       |    10 |   414 |   622 ||  1046
Dodge: Dodged            |    19 |    64 |   121 |   236 |   454 ||   894
Block: Buckler           |    15 |    24 |    53 |    35 |       ||   127
       Kite shield       |       |       |       |   213 |   352 ||   565
       Tower shield      |       |       |       |       |   310 ||   310

Table legend: (Time is in decaauts)
 A = Elapsed time spent in this place.
 B = Non-inter-level travel time spent in this place.
 C = Inter-level travel time spent in this place.
 D = Time resting spent in this place.
 E = Time spent auto-exploring this place.
 F = Levels seen in this place.
 G = Mean time per level.
                   A        B        C        D        E       F      G
               +--------+--------+--------+--------+--------+-----+--------+
         Total |  36955 |  35495 |   1460 |   9149 |  20164 |  28 | 1319.8 |
       Dungeon |  19818 |  18923 |    895 |   4668 |  11705 |  15 | 1321.2 |
        Temple |    255 |    250 |      5 |      0 |    236 |   1 |  255.0 |
          Lair |   9610 |   9167 |    443 |   1884 |   5706 |   6 | 1601.7 |
         Swamp |    252 |    252 |      0 |      0 |    125 |   1 |  252.0 |
  Orcish Mines |   4283 |   4167 |    116 |   1891 |   1262 |   2 | 2141.5 |
        Bailey |   1004 |   1004 |      0 |    422 |    229 |   1 | 1004.0 |
      Ice Cave |    954 |    954 |      0 |     80 |    597 |   1 |  954.0 |
      Gauntlet |    775 |    775 |      0 |    204 |    304 |   1 |  775.0 |
               +--------+--------+--------+--------+--------+-----+--------+

Top non-repeatable levels by time:
  Lair:6: 2620 daAuts
   Orc:1: 2411 daAuts
    D:15: 2164 daAuts
    D:14: 2126 daAuts
  Lair:1: 1889 daAuts
   Orc:2: 1872 daAuts
    D:13: 1739 daAuts
     D:8: 1600 daAuts
  Lair:5: 1560 daAuts
     D:2: 1471 daAuts
  Lair:3: 1469 daAuts
    D:10: 1460 daAuts
    D:11: 1347 daAuts
     D:7: 1322 daAuts
  Lair:2: 1242 daAuts
